 Dungeon Crawl Stone Soup version 0.18.1-50-g88ac8fd (webtiles) character file.

191 Hawkwind the Shield-Bearer (level 5, -2/33 HPs)
             Began as a Gargoyle Fighter on Oct 12, 2019.
             Slain by an ogre
             ... wielding a cursed -2 giant club
              (5 damage)
             ... on level 7 of the Dungeon on Dec 3, 2019.
             The game lasted 00:09:39 (1966 turns).

Hawkwind the Shield-Bearer (Gargoyle Fighter)       Turns: 1966, Time: 00:09:40

Health: -2/33      AC: 11    Str: 21    XL:     5   Next: 70%
Magic:  5/5        EV:  8    Int:  8    God:
Gold:   159        SH:  9    Dex:  9    Spells: 0 memorised, 4 levels left

rFire  . . .     SeeInvis +     a - +0 trident
rCold  . . .     Gourm    .     b - +0 scale mail
rNeg   + . .     Faith    .     c - +0 shield
rPois  ∞         Spirit   .     (no helmet)
rElec  +         Dismiss  .     (no cloak)
rCorr  .         Reflect  .     (no gloves)
SustAt .         Harm     .     (no boots)
MR     .....                    (no amulet)
Stlth  ..........               (no ring)
                                p - ring of see invisible

@: not resistant to hostile enchantments, extremely unstealthy
A: negative energy resistance 1, electricity resistance, unbreathing,
petrification resistance, rot immunity, AC +4
a: no special abilities


You were on level 7 of the Dungeon.
You were near starving.

You visited 1 branch of the dungeon, and saw 7 of its levels.

You collected 159 gold pieces.

Inventory:

Hand Weapons
 a - a +0 trident (weapon)
 q - a +1 dagger of venom
Missiles
 i - 18 poisoned needles
Armour
 b - a +0 scale mail (worn)
 c - a +0 shield (worn)
Jewellery
 p - a ring of see invisible (left hand)
 w - an uncursed amulet of faith {unknown}
Wands
 v - a wand of polymorph (6/24)
Scrolls
 h - 3 scrolls of remove curse {unknown}
 k - 2 scrolls of teleportation {unknown}
 l - 3 scrolls of identify {unknown}
 m - a scroll of noise {unknown}
 n - a scroll of amnesia {unknown}
 t - a scroll of fog {unknown}
 x - a scroll of vulnerability {unknown}
Potions
 d - 3 potions of might
 e - a potion of mutation {unknown}
 g - 2 potions of cure mutation {unknown}
 j - a potion of brilliance {unknown}
 s - a potion of degeneration {unknown}
Comestibles
 f - a bread ration
 o - a beef jerky
 r - a meat ration
 u - a royal jelly


   Skills:
 + Level 3.8 Fighting
 + Level 2.2 Polearms
 + Level 4.3 Armour
 * Level 2.0 Dodging
 + Level 4.5 Shields


You had 4 spell levels left.
You didn't know any spells.

Dungeon Overview and Level Annotations

Branches:
Dungeon (7/15)
 Temple: D:4-7

Altars:
Yredelemnul


Innate Abilities, Weirdness & Mutations

You are resistant to torment.
Your stone body is resilient (AC +4).
You are immune to poison.
You resist negative energy.
You are resistant to electric shocks.
You can survive without breathing.
You are immune to petrification.
You are immune to rotting.


Message History

The scorpion stings you but does no damage.
The crimson imp blinks!
The scorpion stings you.
You hit the scorpion.
The scorpion is severely wounded.
The ogre hits you with a giant club.
* * * LOW HITPOINT WARNING * * *
The scorpion stings you but does no damage.
You puncture the scorpion!
You kill the scorpion!
Your Dodging skill increases to level 2!
The ogre hits you with a giant club.
* * * LOW HITPOINT WARNING * * *
The crimson imp blinks!
Found four items.
Found a stone staircase leading down.
You see here a scorpion corpse.
The crimson imp hits you but does no damage.
The crimson imp hits you.
* * * LOW HITPOINT WARNING * * *
The ogre hits you with a giant club.
You die...

..............#
...............
..........>...?
...............
#..............
#.$..........(.
#..............
+.....5@......#
+...[..O.....##
#....##Y######
#######.#
##...# #..###
##.## #..# #.##


You could see an ice beast, an ogre and a crimson imp.

Vanquished Creatures
  A scorpion (D:7)
  A centaur skeleton (D:5)
  An orc wizard (D:3)
  A worker ant (D:6)
  An adder (D:3)
  An ooze (D:3)
  A worm (D:3)
  A dart slug (D:1)
  2 giant geckos (D:1)
  4 orcs (D:3)
  3 bats
  3 giant cockroaches
  5 hobgoblins
  3 jackals (D:3)
  A quokka (D:3)
  A ball python (D:3)
  2 giant newts
  5 kobolds
  2 rats
39 creatures vanquished.

Notes
Turn   | Place    | Note
--------------------------------------------------------------
     0 | D:1      | Hawkwind the Gargoyle Fighter began the quest for the Orb.
     0 | D:1      | Reached XP level 1. HP: 14/14 MP: 1/1
   378 | D:1      | Reached XP level 2. HP: 15/19 MP: 2/2
  1033 | D:2      | Found a basalt altar of Yredelemnul.
  1049 | D:3      | Reached XP level 3. HP: 21/23 MP: 3/3
  1281 | D:3      | Reached skill level 1 in Dodging
  1281 | D:3      | Reached XP level 4. HP: 21/29 MP: 4/4
  1516 | D:4      | You fall through a shaft for 2 floors!
  1649 | D:5      | Entered Level 5 of the Dungeon
  1724 | D:5      | Reached XP level 5. HP: 26/33 MP: 5/5
  1915 | D:7      | Noticed an ogre
  1928 | D:7      | Noticed an ice beast
  1966 | D:7      | Slain by an ogre

Skill      XL: |  1  2  3  4  5 |
---------------+----------------+-----
Shields        | 4 |  4.5
Armour         | 4 |  4.3
Dodging        | 1 2 |  2.0
Polearms       | 2 |  2.2
Fighting       | |  3.8

Action                   |  1- 3 |  4- 6 || total
-------------------------+-------+-------++-------
Melee: Trident           |   137 |    91 ||   228
  Eat: Chunk             |     1 |     1 ||     2
Armor: Scale mail        |    57 |    38 ||    95
Dodge: Dodged            |    36 |    30 ||    66
Block: Shield            |    73 |    53 ||   126
